 Dungeon Crawl Stone Soup version 0.25.1-1-g288607f (webtiles) character file.

Game seed: 2364932707602528555

217 RonnieColeman the Conjurer (level 5, -14/35 HPs)
             Began as an Octopode Conjurer on Sept 12, 2020.
             Demolished by an ogre
             ... wielding a +0 giant club
              (21 damage)
             ... on level 4 of the Dungeon.
             The game lasted 00:05:21 (3909 turns).

RonnieColeman the Conjurer (Octopode Conjurer)      Turns: 3909, Time: 00:05:21

Health: -14/35     AC:  1    Str:  7    XL:     5   Next: 94%
Magic:  7/11       EV: 13    Int: 18    God:
Gold:   170        SH:  0    Dex: 13    Spells: 9/12 levels left

rFire    . . .     SeeInvis .   f - +0 short sword
rCold    . . .     Gourm    .   (no shield)
rNeg     . . .     Faith    .   (helmet restricted)
rPois    +         Spirit   .   (no amulet)
rElec    .         Reflect  .   m - ring of poison resistance
rCorr    .         Harm     .   (no ring)
MR       .....                  (no ring)
Stlth    +++.......             (no ring)
HPRegen  0.11/turn              (no ring)
MPRegen  0.12/turn              (no ring)
                                (no ring)
                                (no ring)

@: no status effects
A: almost no armour, stealthy swim, amphibious, 8 rings, constrict 8, camouflage
1, gelatinous body 1
a: no special abilities


You were on level 4 of the Dungeon.
You were not hungry.

You visited 1 branch of the dungeon, and saw 4 of its levels.

You collected 170 gold pieces.

Inventory:

Hand Weapons
 a - a +0 dagger
 f - a +0 short sword (weapon)
Jewellery
 m - a ring of poison resistance (left tentacle)
Scrolls
 c - a scroll of immolation {unknown}
 h - a scroll of magic mapping {unknown}
 j - 2 scrolls of noise {unknown}
 l - a scroll of fog {unknown}
 n - a scroll of amnesia {unknown}
 p - a scroll of remove curse {unknown}
 q - a scroll of identify {unknown}
 r - a scroll of teleportation {unknown}
Potions
 d - 2 potions of curing {unknown}
 e - 2 potions of brilliance {unknown}
 g - a potion of lignification {unknown}
 i - 2 potions of stabbing {unknown}
 k - a potion of flight {unknown}
 o - a potion of degeneration {unknown}
Comestibles
 b - 4 rations
 s - a chunk of flesh


   Skills:
 + Level 2.4 Fighting
 - Level 2.0 Dodging
 - Level 2.6 Stealth
 * Level 4.1 Spellcasting
 + Level 4.8 Conjurations


You had 9 spell levels left.
You knew the following spells:

 Your Spells              Type           Power        Failure   Level  Hunger
a - Magic Dart            Conj           ###.         1%          1    None
b - Searing Ray           Conj           ###...       3%          2    ##.....

Your spell library contained the following spells:

 Spells                   Type           Power        Failure   Level  Hunger
 Dazzling Flash           Conj/Hex       ##....       16%         3    ###....
 Fulminant Prism          Conj/Hex       ##........   47%         4    ####...
 Iskenderun's Mystic Bla  Conj/Tloc      ##......     47%         4    ####...


Dungeon Overview and Level Annotations

Branches:
Dungeon (4/15)
 Temple: D:4-7

Altars:


Innate Abilities, Weirdness & Mutations

You cannot wear most types of armour.
You are very stealthy in the water. (Stealth+)
You are amphibious.
You can wear up to eight rings at the same time.
You can use your tentacles to constrict eight enemies at once.
Your skin changes colour to match your surroundings (Stealth+).
Your rubbery body absorbs attacks. (AC +1, EV +1)


Message History

The adder hisses angrily.
A giant cockroach comes into view.
The ogre hits you with a +0 giant club!!
Ouch! That really hurt!
The ogre barely misses you.
Casting: Searing Ray (safe; 3% risk of failure)
Confirm with . or Enter, or press ? or * to list all spells.
Aiming: Searing Ray (safe; 3% risk of failure)
Press: ? - help, Shift-Dir - straight line, f/p - ogre
Aim: an ogre, wielding a +0 giant club (almost dead)
Okay, then.
The ogre hits you with a +0 giant club!
* * * LOW HITPOINT WARNING * * *
The adder bites you but does no damage.
A worm comes into view.
There is a stone staircase leading up here.
The adder barely misses you.
The ogre hits you with a +0 giant club!!
Ouch! That really hurt!
You die...

############
#.OO...>.$.#
#@Ss.<....%#
##%...#w..<#
###### ...#
>.# ># #


You could see 2 ogres, a worm, an adder and a giant cockroach.

Vanquished Creatures
  Natasha (thrice) (D:3)
  3 adders
  4 oozes
  2 worms (D:2)
  4 leopard geckos
  9 orcs (D:3)
  7 bats
  4 giant cockroaches
  13 goblins
  6 hobgoblins
  6 jackals
  6 frilled lizards
  9 kobolds
  7 rats
83 creatures vanquished.

Notes
Turn   | Place    | Note
-------+----------+-------------------------------------------
     0 | D:1      | RonnieColeman the Octopode Conjurer began the quest for the
                  | Orb.
     0 | D:1      | Reached XP level 1. HP: 11/11 MP: 3/3
   130 | D:1      | Reached XP level 2. HP: 18/18 MP: 5/5
   548 | D:1      | Reached skill level 1 in Fighting
   650 | D:1      | Reached XP level 3. HP: 23/23 MP: 7/7
   933 | D:2      | Found a faded altar of an unknown god.
   937 | D:2      | Learned a level 2 spell: Searing Ray
  1461 | D:2      | Reached XP level 4. HP: 26/28 MP: 4/8
  2333 | D:3      | Noticed Natasha
  2337 | D:3      | Killed Natasha
  2337 | D:3      | Reached XP level 5. HP: 31/34 MP: 6/10
  2497 | D:3      | Noticed Natasha
  2503 | D:3      | Killed Natasha
  2741 | D:3      | Noticed Natasha
  2789 | D:3      | Killed Natasha
  3899 | D:4      | Noticed an ogre
  3902 | D:4      | Noticed an ogre
  3909 | D:4      | Demolished by an ogre

Illustrated notes

Levels and vault maps discovered:
D:1:      mrwooster_arrival_statue, layout_basic, minmay_pentomino_w2
D:2:      layout_basic, chequers_ecumenical_altar_simple, minmay_misc_feat_alley
D:3:      layout_loops_corners, uniq_natasha
D:4:      layout_gridville, xom_butterflies, dancing_weapons_uskayaw,
          first_ration

Skill      XL: |  1  2  3  4  5 |
---------------+----------------+-----
Fighting       | 1 2 |  2.4
Spellcasting   | 3 4 |  4.1
Dodging        | |  2.0
Stealth        | |  2.6
Conjurations   | |  4.8

Action                   |  1- 3 |  4- 6 || total
-------------------------+-------+-------++-------
Melee: Dagger            |     6 |       ||     6
       Constrict         |    14 |    13 ||    27
       Tentacles         |    10 |     5 ||    15
       Unarmed           |     2 |       ||     2
       Short sword       |    48 |    48 ||    96
 Cast: Magic Dart        |    11 |     6 ||    17
       Searing Ray       |     3 |    19 ||    22
 Stab: Sleeping          |    12 |     9 ||    21
  Eat: Chunk             |     2 |     8 ||    10
Armor: Skin              |     4 |     5 ||     9
Dodge: Dodged            |    39 |    44 ||    83
